Map: 글리터링 애쉬즈 - 래더

Players

Dream - Winner!

  • Race: Terran Terran
  • League: Master

Bunny

  • Race: Terran Terran

Event: DreamHack SC2 Masters Last Chance 2022

VOD

Have the link to the VOD?

Description

Time

  • Played on: Dec. 15, 2021, 5:02 a.m.
  • Length: 3:35

All games in this series

Show
View Real Time Build Order
Export as new Build Order

Dream Terran - Winner!

Build Orders:  

Get SALT Encoding   

  12  0:00  SCV  
  13  0:12  SCV  
  14  0:16  Supply Depot  
  14  0:24  SCV  
  15  0:38  SCV  
  15  0:40  Barracks  
  16  0:44  Refinery  
  16  0:50  SCV  
  17  0:59  Barracks  
  17  1:03  SCV  
  18  1:15  SCV  
  19  1:27  Reaper, Orbital Command  
  19  1:31  Supply Depot  
  20  1:50  Reaper  
  20  1:54  SCV  
  22  2:03  Reaper  
  22  2:06  SCV  
  24  2:11  Command Center  
  24  2:19  SCV, Refinery  
  24  2:22  Reaper  
  26  2:31  SCV  
  26  2:33  Supply Depot  
  26  2:35  Marine  
  28  2:43  SCV  
  29  2:55  SCV  
  29  2:56  Reaper x2  
  31  3:01  Bunker  
  31  3:07  SCV  
  32  3:19  Supply Depot  
Show
View Real Time Build Order
Export as new Build Order

Bunny Terran 

Build Orders:  

Get SALT Encoding   

  12  0:00  SCV  
  13  0:12  SCV  
  14  0:17  Supply Depot  
  14  0:24  SCV  
  15  0:38  SCV  
  15  0:40  Barracks  
  16  0:45  Refinery  
  16  0:50  SCV  
  16  0:55  Refinery  
  17  1:03  SCV  
  18  1:16  SCV  
  19  1:27  Barracks Tech Lab  
  19  1:28  Orbital Command  
  19  1:34  Supply Depot  
  19  1:42  Factory  
  19  1:52  Marauder  
  21  1:57  SCV  
  22  2:02  Concussive Shells  
  22  2:09  SCV  
  22  2:13  Marauder  
  25  2:21  SCV  
  26  2:26  Hellion  
  28  2:30  Supply Depot  
  28  2:35  Marauder  
  29  2:48  Hellion  
  29  2:56  Bunker  
  24  3:06  Marauder  

Tags
 
Add a new tag
Caveats
  • Supply blocks, unpowered buildings, or Contaminate may cause inaccurate times.
  • Supply counts are checked every 10 seconds.